 Dungeon Crawl Stone Soup version 0.31-a0-675-g238779eb0a (webtiles) character file.

Game seed: 2484486036144622622

8573 qw the Skirmisher (level 11, -2/71 HPs)
             Began as a Gargoyle Hunter on Sept 5, 2023.
             Was a Believer of Okawaru.
             Slain by an elephant (14 damage)
             ... on level 1 of the Lair of Beasts.
             The game lasted 00:04:03 (7395 turns).

qw the Skirmisher (Gargoyle Hunter)                 Turns: 7395, Time: 00:04:04

Health: -2/71      AC: 22    Str: 16    XL:     11   Next: 33%
Magic:  13/14      EV: 15    Int:  9    God:    Okawaru [**....]
Gold:   456        SH:  0    Dex: 17    Spells: 10/10 levels left

rFire   . . .        i - +1 orcbow
rCold   . . .        (shield currently unavailable)
rNeg    + . .        a - +4 ring mail "Nyvesom" {*Corrode rPois Regen+}
rPois   inf          (no helmet)
rElec   +            k - +2 cloak
rCorr   .            (no gloves)
SInv    .            (no boots)
Will    .....        (no amulet)
Stlth   ++           (no ring)
HPRegen 1.11/turn    (no ring)
MPRegen 0.14/turn

%: corrode self (3%)
@: heroic, very slow
A: sickness immunity, AC +8, negative energy resistance 1, electricity
resistance, torment resistance 1, petrification resistance
a: Renounce Religion, Heroism


You were on level 1 of the Lair of Beasts.
You worshipped Okawaru.
Okawaru was pleased with you.
You visited 3 branches of the dungeon, and saw 10 of its levels.

You collected 511 gold pieces.
You spent 55 gold pieces at shops.


Innate Abilities, Weirdness & Mutations

You are immune to sickness and miasma.
Your stone body is resilient. (AC +8)
You are immune to poison.
You resist negative energy. (rN+)
You are resistant to electric shocks. (rElec)
You are resistant to unholy torment.
You are immune to petrification.


   Skills:
 + Level 9.0(14.0) Fighting
 - Level 14.0(19.0) Ranged Weapons
 - Level 4.2(9.2) Armour
 - Level 4.1(9.1) Dodging
 - Level 1.1(6.1) Stealth
 - Level 4.0 Invocations


You had 10 spell levels left.
You didn't know any spells.
Your spell library was empty.

Inventory:

Hand Weapons
 i - a +1 orcbow (weapon)
Armour
 a - the +4 ring mail "Nyvesom" (worn) {*Corrode rPois Regen+}
   (You found it on level 2 of the Dungeon)

   rPois:     It protects you from poison Regen+: It increases your rate of
   health regeneration.
   *Corrode:  It may corrode you when you take damage.
 k - a +2 cloak (worn)
Scrolls
 f - 2 scrolls of enchant armour
 h - a scroll of identify
Potions
 b - 2 potions of enlightenment
 c - a potion of cancellation
 d - a potion of might
 g - 5 potions of curing
 j - a potion of berserk rage {unknown}
 l - a potion of heal wounds {unknown}
 m - a potion of haste
 n - a potion of mutation {unknown}
 o - a potion of lignification {unknown}

Dungeon Overview and Level Annotations

Branches:
Dungeon (8/15)             Temple (1/1) D:5            Lair (1/5) D:8

Altars:
Ashenzari
Cheibriados
Dithmenos
Elyvilon
Fedhas
Gozag
Hepliaklqana
Kikubaaqudgha
Makhleb
Nemelex Xobeh
Okawaru
Qazlal
Ru
Sif Muna
Trog
Uskayaw
Vehumet
Wu Jian
Xom
Yredelemnul
Zin
The Shining One

Shops:
D:1 ?[   D:4 ?

Annotations:
D:8 1 runed translucent door, qw's ghost, novice MiHs


Message History

The arrow hits the elephant but does no damage.
The elephant is almost dead.
You shoot an arrow.
The arrow hits the elephant but does no damage.
The elephant is almost dead.
The elephant tramples you!
You hold your ground!
The elephant misses you.
7391 |||
Found retreat position at -2,2 (floor) with 0 blocking monsters and 0 monsters attacking at destination at distance 6
Enter note:
Enter note:
Enter note:
Enter note:
Enter note:
Enter note:
Enter note: You shoot an arrow.
The arrow hits the elephant but does no damage.
The elephant is almost dead.
The elephant tramples you.
You hold your ground!
The elephant misses you. The elephant barely misses you.
The elephant trunk-slaps you but does no damage.
You shoot an arrow. The arrow hits the elephant!
You kill the elephant!
Okawaru is honoured by your kill. The elephant tramples you.
You hold your ground!
The elephant trunk-slaps you but does no damage.
The elephant tramples you!
You hold your ground!
The elephant closely misses you.
Your base Armour skill increases to level 4!
You shoot an arrow.
The arrow hits the elephant but does no damage.
The elephant misses you. The elephant closely misses you.
The elephant barely misses you. The elephant closely misses you.
The elephant tramples you but does no damage.
The elephant trunk-slaps you but does no damage.
You shoot an arrow.
The arrow hits the elephant but does no damage.
You shoot an arrow.
The arrow completely misses the elephant.
The elephant tramples you!
You die...

### ### #####.######.#
### ###
##...........####.###.#
#....######............
#...#@Y~#.............
##...#YY~##.........##.
#....#~~~##..##.....###
##...#.#~#...##..#### #
#...........##..# #
#...........##..# #
#..~~~~~~...##..# #
#..~777~~...#...######
#..~777~~...##........


You could see 3 elephants.

Vanquished Creatures
  A two-headed ogre (D:8)
  An elephant (Lair:1)
  A black mamba (Lair:1)
  Jeremiah (Lair:1)
  2 cane toads (Lair:1)
  A rime drake (Lair:1)
  A komodo dragon (Lair:1)
  2 polar bears (Lair:1)
  9 blink frogs (Lair:1)
  Sigmund (D:6)
  A wraith (D:8)
  A wyvern (Lair:1)
  3 yaks (D:8)
  Duvessa (D:7)
  3 water moccasins
  2 ice beasts
  2 sky beasts (D:7)
  3 black bears
  2 ogres
  2 centaurs
  A phantom (D:4)
  5 bullfrogs
  A gnoll sergeant (D:7)
  2 scorpions (D:5)
  Dowan (D:7)
  2 howler monkeys (D:7)
  An electric eel (Lair:1)
  3 hounds
  2 orc priests
  A gnoll bouda (D:6)
  A jelly (D:8)
  2 sleepcaps
  4 iguanas
  Ijyb (D:4)
  7 orc wizards
  13 gnolls
  9 adders
  A shadow imp (D:6)
  An ufetubus (D:6)
  2 worms
  9 orcs
  5 bats
  7 endoplasms
  13 giant cockroaches
  3 goblins
  8 hobgoblins
  9 kobolds
  2 quokkas (D:2)
  5 ball pythons
  2 frilled lizards
  A rat (D:2)
164 creatures vanquished.

Notes
Turn   | Place    | Note
-------+----------+-------------------------------------------
     0 | D:1      | qw the Gargoyle Hunter began the quest for the Orb.
     0 | D:1      | Reached XP level 1. HP: 12/12 MP: 1/1
     0 | D:1      | 0 ||| qw: Version: 0.3-a-75-g829b12e
     0 | D:1      | 0 ||| qw: Game counter: 62
     0 | D:1      | 0 ||| qw: Melee chars always use a shield: true
     0 | D:1      | 0 ||| qw: God list: Okawaru
     0 | D:1      | 0 ||| qw: Allow faded altars: false
     0 | D:1      | 0 ||| qw: Do Orc after clearing Dungeon:15 true
     0 | D:1      | 0 ||| qw: Do second Lair branch before Depths: true
     0 | D:1      | 0 ||| qw: Lair rune preference: random
     0 | D:1      | 0 ||| qw: Goals: Normal
     0 | D:1      | 0 ||| PLANNING D:1-11
    56 | D:1      | Found Ohiffoeh's Armour Emporium.
    63 | D:1      | 63 ||| SHOPLISTING +0 hat of willpower (143 gold, have 14).
    63 | D:1      | 63 ||| SHOPLISTING +0 helmet (58 gold, have 14).
    63 | D:1      | 63 ||| SHOPLISTING +0 ring mail (52 gold, have 14).
    63 | D:1      | 63 ||| SHOPLISTING +0 ring mail of willpower (143 gold,
                  | have 14).
    63 | D:1      | 63 ||| SHOPLISTING +3 leather armour of cold resistance
                  | (312 gold, have 14).
   111 | D:1      | Reached XP level 2. HP: 17/17 MP: 2/2
   252 | D:1      | Found Vahyghiato's Magic Scroll Shop.
   260 | D:1      | 260 ||| SHOPLISTING scroll of enchant armour (97 gold, have
                  | 66).
   260 | D:1      | 260 ||| SHOPLISTING scroll of enchant weapon (97 gold, have
                  | 66).
   614 | D:1      | 614 ||| UPGRADING to +0 cloak.
   619 | D:1      | 619 ||| READING 3 scrolls labelled LUESIU NENKAQAZ.
   620 | D:1      | 620 ||| READING 2 scrolls of enchant armour.
   620 | D:1      | 620 ||| ENCHANTING +0 cloak.
   621 | D:1      | 621 ||| READING scroll of enchant armour.
   621 | D:1      | 621 ||| ENCHANTING +1 cloak.
   622 | D:1      | 622 ||| READING 2 scrolls labelled LION YPLINI.
   625 | D:1      | 625 ||| READING scroll labelled XYFUISSU LAXOPT.
   626 | D:1      | 626 ||| READING scroll labelled MOCSAY COHIU.
   627 | D:1      | 627 ||| DRINKING 2 fuming puce potions.
   628 | D:1      | 628 ||| DROPPING scroll of butterflies.
   660 | D:2      | 660 ||| STAIRDANCE
   753 | D:2      | Reached XP level 3. HP: 21/21 MP: 3/3
   774 | D:2      | Identified the +4 ring mail "Nyvesom" {*Corrode rPois
                  | Regen+}
   812 | D:2      | Reached skill level 5 in Ranged Weapons
  1327 | D:2      | 1327 ||| UPGRADING to +4 ring mail "Nyvesom" {*Corrode
                  | rPois Regen+}.
  1337 | D:2      | 1337 ||| DROPPING +0 leather armour.
  1338 | D:2      | 1338 ||| READING scroll labelled ITEWUH ROAPEA.
  1339 | D:2      | 1339 ||| READING scroll labelled YNEERPHA QEUS.
  1340 | D:2      | 1340 ||| DRINKING 2 orange potions.
  1341 | D:2      | 1341 ||| DROPPING potion of attraction.
  1364 | D:3      | Reached skill level 1 in Armour
  1437 | D:3      | Reached XP level 4. HP: 27/27 MP: 4/4
  1517 | D:3      | Reached skill level 3 in Fighting
  1656 | D:3      | Found a faded altar of an unknown god.
  1749 | D:3      | Found a white marble altar of Elyvilon.
  2287 | D:3      | 2287 ||| READING scroll labelled ROOGUURORO.
  2288 | D:3      | 2288 ||| READING scroll labelled AHEUFARAGU.
  2350 | D:4      | Reached XP level 5. HP: 32/32 MP: 5/5
  2357 | D:4      | 2357 ||| DRINKING potion of curing.
  2357 | D:4      | 2357 ||| (to cure confusion)
  2360 | D:4      | Reached skill level 6 in Ranged Weapons
  2437 | D:4      | Found Ochax's Magic Scroll Shoppe.
  2448 | D:4      | 2448 ||| BUYING scroll of identify (22 gold).
  2448 | D:4      | Bought a scroll of identify for 22 gold pieces
  2448 | D:4      | 2448 ||| BUYING scroll of teleportation (33 gold).
  2448 | D:4      | Bought a scroll of teleportation for 33 gold pieces
  2536 | D:4      | Noticed Ijyb
  2546 | D:4      | Killed Ijyb
  2547 | D:4      | Reached XP level 6. HP: 39/39 MP: 6/6
  2820 | D:4      | Found an opulent altar of Gozag.
  2847 | D:4      | 2847 ||| READING 3 scrolls labelled CUATEO ZIZE.
  2848 | D:4      | 2848 ||| READING scroll labelled QESIUM LASE.
  2849 | D:4      | 2849 ||| READING scroll labelled ZEXUNA NEF XUO.
  2850 | D:4      | 2850 ||| DRINKING 2 red potions.
  2851 | D:4      | 2851 ||| DRINKING 2 white potions.
  2852 | D:4      | 2852 ||| READING 3 scrolls of identify.
  2852 | D:4      | 2852 ||| IDENTIFYING gluggy clear potion
  2853 | D:4      | 2853 ||| READING 2 scrolls of identify.
  2853 | D:4      | 2853 ||| IDENTIFYING bubbling coppery potion
  2854 | D:4      | 2854 ||| DROPPING potion of invisibility.
  2855 | D:4      | 2855 ||| DROPPING potion of degeneration.
  2856 | D:4      | 2856 ||| DROPPING potion of brilliance.
  2857 | D:4      | 2857 ||| DROPPING 2 scrolls of vulnerability.
  2903 | D:5      | Entered Level 5 of the Dungeon
  2984 | D:5      | Reached skill level 7 in Ranged Weapons
  2996 | D:5      | Noticed a black bear
  3001 | D:5      | Killed a black bear
  3002 | D:5      | Reached XP level 7. HP: 43/44 MP: 7/7
  3172 | D:5      | 3172 ||| Stepping ~*~*~tactically~*~*~ (retreating).
  3190 | D:5      | 3190 ||| FLEEEEING.
  3191 | D:5      | 3191 ||| FLEEEEING.
  3360 | D:5      | HP: 6/44 [ice beast (9)]
  3361 | D:5      | 3361 ||| READING 3 scrolls of teleportation.
  3373 | D:5      | HP: 6/44 [centaur/arrow (10)]
  3374 | D:5      | 3374 ||| READING 2 scrolls of teleportation.
  3526 | D:5      | Reached skill level 8 in Ranged Weapons
  3528 | D:5      | Found a staircase to the Ecumenical Temple.
  3529 | D:5      | 3529 ||| PLANNING TEMPLE
  3535 | Temple   | Entered the Ecumenical Temple
  3536 | Temple   | 3536 ||| PLANNING OKAWARU WORSHIP
  3557 | Temple   | Became a worshipper of Warmaster Okawaru
  3558 | Temple   | 3558 ||| PLANNING D:1-11
  3666 | D:5      | 3666 ||| SWAPPING to +0 orcbow.
  3667 | D:5      | 3667 ||| DROPPING +1 shortbow.
  3681 | D:5      | Found a shadowy altar of Dithmenos.
  3681 | D:5      | Found a broken altar of Ashenzari.
  3681 | D:5      | Found a basalt altar of Yredelemnul.
  3845 | D:5      | Reached XP level 8. HP: 49/49 MP: 8/8
  3853 | D:5      | Found a hazy altar of Hepliaklqana.
  4076 | D:6      | 4076 ||| RETREATING.
  4087 | D:6      | 4087 ||| Stepping ~*~*~tactically~*~*~ (retreating).
  4088 | D:6      | 4088 ||| Stepping ~*~*~tactically~*~*~ (retreating).
  4090 | D:6      | 4090 ||| Stepping ~*~*~tactically~*~*~ (retreating).
  4091 | D:6      | 4091 ||| Stepping ~*~*~tactically~*~*~ (retreating).
  4092 | D:6      | 4092 ||| Stepping ~*~*~tactically~*~*~ (retreating).
  4099 | D:6      | Reached * piety under Okawaru
  4122 | D:6      | 4122 ||| INVOKING Heroism.
  4123 | D:6      | 4123 ||| INVOKING Heroism.
  4129 | D:6      | 4129 ||| Stepping ~*~*~tactically~*~*~ (retreating).
  4133 | D:6      | Reached skill level 9 in Ranged Weapons
  4149 | D:6      | Reached skill level 1 in Invocations
  4279 | D:6      | Noticed Sigmund
  4280 | D:6      | 4280 ||| INVOKING Heroism.
  4283 | D:6      | Killed Sigmund
  4284 | D:6      | Reached skill level 6 in Fighting
  4284 | D:6      | Reached skill level 3 in Invocations
  4407 | D:6      | 4407 ||| FLEEEEING.
  4408 | D:6      | 4408 ||| FLEEEEING.
  4409 | D:6      | 4409 ||| FLEEEEING.
  4411 | D:6      | 4411 ||| FLEEEEING.
  4412 | D:6      | 4412 ||| FLEEEEING.
  4413 | D:6      | 4413 ||| STAIRDANCE
  4627 | D:6      | 4627 ||| INVOKING Heroism.
  4631 | D:6      | Reached XP level 9. HP: 56/56 MP: 9/12
  4886 | D:7      | 4886 ||| Stepping ~*~*~tactically~*~*~ (retreating).
  4887 | D:7      | 4887 ||| Stepping ~*~*~tactically~*~*~ (retreating).
  4888 | D:7      | 4888 ||| Stepping ~*~*~tactically~*~*~ (retreating).
  4889 | D:7      | 4889 ||| RETREATING.
  4988 | D:7      | 4988 ||| READING scroll of enchant weapon.
  4988 | D:7      | 4988 ||| ENCHANTING +0 orcbow.
  5007 | D:7      | Found a flagged portal.
  5067 | D:7      | 5067 ||| FLEEEEING.
  5068 | D:7      | 5068 ||| FLEEEEING.
  5069 | D:7      | 5069 ||| FLEEEEING.
  5070 | D:7      | 5070 ||| FLEEEEING.
  5070 | D:7      | Noticed Duvessa
  5071 | D:7      | 5071 ||| INVOKING Heroism.
  5072 | D:7      | Noticed Dowan
  5073 | D:7      | 5073 ||| Stepping ~*~*~tactically~*~*~ (retreating).
  5074 | D:7      | 5074 ||| Stepping ~*~*~tactically~*~*~ (retreating).
  5076 | D:7      | 5076 ||| Stepping ~*~*~tactically~*~*~ (retreating).
  5081 | D:7      | Killed Duvessa
  5082 | D:7      | Reached skill level 10 in Ranged Weapons
  5083 | D:7      | Killed Dowan
  5093 | D:7      | 5093 ||| Stepping ~*~*~tactically~*~*~ (retreating).
  5096 | D:7      | 5096 ||| Stepping ~*~*~tactically~*~*~ (retreating).
  5102 | D:7      | 5102 ||| INVOKING Heroism.
  5113 | D:7      | 5113 ||| Stepping ~*~*~tactically~*~*~ (retreating).
  5117 | D:7      | 5117 ||| Stepping ~*~*~tactically~*~*~ (retreating).
  5118 | D:7      | 5118 ||| Stepping ~*~*~tactically~*~*~ (retreating).
  5120 | D:7      | Reached ** piety under Okawaru
  5522 | D:7      | 5522 ||| DRINKING 2 coppery potions.
  5523 | D:7      | 5523 ||| READING 2 scrolls of identify.
  5523 | D:7      | 5523 ||| IDENTIFYING amethyst potion
  5534 | D:8      | Noticed a two-headed ogre
  5535 | D:8      | 5535 ||| INVOKING Heroism.
  5550 | D:8      | Killed a two-headed ogre
  5551 | D:8      | Reached skill level 11 in Ranged Weapons
  5551 | D:8      | 5551 ||| STAIRDANCE
  5645 | D:8      | Found a staircase to the Lair.
  5678 | D:8      | Found a snail-covered altar of Cheibriados.
  5681 | D:8      | 5681 ||| RETREATING.
  5683 | D:8      | 5683 ||| Stepping ~*~*~tactically~*~*~ (retreating).
  5684 | D:8      | 5684 ||| Stepping ~*~*~tactically~*~*~ (retreating).
  5685 | D:8      | 5685 ||| Stepping ~*~*~tactically~*~*~ (retreating).
  5686 | D:8      | 5686 ||| Stepping ~*~*~tactically~*~*~ (retreating).
  5687 | D:8      | 5687 ||| Stepping ~*~*~tactically~*~*~ (retreating).
  5688 | D:8      | 5688 ||| Stepping ~*~*~tactically~*~*~ (retreating).
  5696 | D:8      | 5696 ||| INVOKING Heroism.
  5710 | D:8      | Reached skill level 3 in Dodging
  5710 | D:8      | Reached XP level 10. HP: 22/63 MP: 11/13
  5712 | D:8      | HP: 11/63 [yak (7)]
  5712 | D:8      | HP: 5/63 [yak (6)]
  5713 | D:8      | 5713 ||| READING scroll of teleportation.
  5718 | D:8      | Reached skill level 3 in Armour
  5723 | D:8      | 5723 ||| INVOKING Heroism.
  5723 | D:8      | HP: 7/63 [wraith (8)]
  5821 | D:8      | 5821 ||| Stepping ~*~*~tactically~*~*~ (outnumbered).
  5907 | D:8      | Found a runed translucent door.
  5913 | D:8      | Noticed qw's ghost (novice MiHs)
  6149 | D:8      | 6149 ||| PLANNING LAIR
  6173 | Lair:1   | Entered Level 1 of the Lair of Beasts
  6173 | Lair:1   | Noticed a cane toad
  6174 | Lair:1   | 6174 ||| INVOKING Heroism.
  6180 | Lair:1   | Killed a cane toad
  6207 | Lair:1   | 6207 ||| INVOKING Heroism.
  6222 | Lair:1   | Reached skill level 12 in Ranged Weapons
  6245 | Lair:1   | Reached *** piety under Okawaru
  6263 | Lair:1   | 6263 ||| INVOKING Heroism.
  6291 | Lair:1   | 6291 ||| INVOKING Heroism.
  6294 | Lair:1   | 6294 ||| RETREATING.
  6299 | Lair:1   | 6299 ||| Stepping ~*~*~tactically~*~*~ (retreating).
  6300 | Lair:1   | 6300 ||| Stepping ~*~*~tactically~*~*~ (retreating).
  6302 | Lair:1   | 6302 ||| Stepping ~*~*~tactically~*~*~ (retreating).
  6304 | Lair:1   | 6304 ||| Stepping ~*~*~tactically~*~*~ (retreating).
  6305 | Lair:1   | 6305 ||| Stepping ~*~*~tactically~*~*~ (retreating).
  6315 | Lair:1   | 6315 ||| Stepping ~*~*~tactically~*~*~ (retreating).
  6316 | Lair:1   | 6316 ||| Stepping ~*~*~tactically~*~*~ (retreating).
  6327 | Lair:1   | 6327 ||| INVOKING Heroism.
  6342 | Lair:1   | 6342 ||| RETREATING.
  6347 | Lair:1   | 6347 ||| Stepping ~*~*~tactically~*~*~ (retreating).
  6348 | Lair:1   | 6348 ||| Stepping ~*~*~tactically~*~*~ (retreating).
  6358 | Lair:1   | 6358 ||| INVOKING Heroism.
  6363 | Lair:1   | Reached skill level 13 in Ranged Weapons
  6406 | Lair:1   | 6406 ||| INVOKING Heroism.
  6433 | Lair:1   | 6433 ||| INVOKING Heroism.
  6482 | Lair:1   | 6482 ||| RETREATING.
  6484 | Lair:1   | 6484 ||| INVOKING Heroism.
  6494 | Lair:1   | 6494 ||| Stepping ~*~*~tactically~*~*~ (retreating).
  6495 | Lair:1   | 6495 ||| Stepping ~*~*~tactically~*~*~ (retreating).
  6497 | Lair:1   | 6497 ||| Stepping ~*~*~tactically~*~*~ (retreating).
  6498 | Lair:1   | 6498 ||| Stepping ~*~*~tactically~*~*~ (retreating).
  6499 | Lair:1   | 6499 ||| Stepping ~*~*~tactically~*~*~ (retreating).
  6501 | Lair:1   | 6501 ||| Stepping ~*~*~tactically~*~*~ (retreating).
  6503 | Lair:1   | Reached skill level 9 in Fighting
  6513 | Lair:1   | Reached XP level 11. HP: 71/71 MP: 14/14
  6518 | Lair:1   | 6518 ||| INVOKING Heroism.
  6590 | Lair:1   | 6590 ||| INVOKING Heroism.
  6799 | Lair:1   | 6799 ||| INVOKING Heroism.
  6865 | Lair:1   | 6865 ||| INVOKING Heroism.
  7123 | Lair:1   | Noticed Jeremiah
  7135 | Lair:1   | 7135 ||| READING 2 scrolls of identify.
  7135 | Lair:1   | 7135 ||| IDENTIFYING cyan potion
  7157 | Lair:1   | 7157 ||| INVOKING Heroism.
  7182 | Lair:1   | 7182 ||| INVOKING Heroism.
  7208 | Lair:1   | 7208 ||| INVOKING Heroism.
  7221 | Lair:1   | HP: 9/71 [Jeremiah/divine providence (13)]
  7223 | Lair:1   | Killed Jeremiah
  7224 | Lair:1   | Reached skill level 14 in Ranged Weapons
  7374 | Lair:1   | 7374 ||| RETREATING.
  7377 | Lair:1   | 7377 ||| Stepping ~*~*~tactically~*~*~ (retreating).
  7387 | Lair:1   | 7387 ||| INVOKING Heroism.
  7392 | Lair:1   | HP: 10/71 [elephant (8)]
  7395 | Lair:1   | Slain by an elephant

Levels and vault maps discovered:
D:1:      ebering_trefoil_twist, layout_loops_ring, serial_shops, shop,
          nicolae_shop_tiny_statue_garden
D:2:      layout_basic
D:3:      minmay_roachtagon, layout_basic, elyvilon_altar_5,
          shapermc_ecumenical_altar_mp_urbaneastern, saegor_snake_ambush
D:4:      layout_rooms, nicolae_gozag_cash_rules_everything_around_me,
          serial_shops, shop, minivault_14, uniq_ijyb
D:5:      layout_loops_corners, nicolae_hepliaklqana_hippocampus,
          gammafunk_temple_overflow_forgotten, minmay_temple_entry_butterflies,
          supply_closet_lemuel, minmay_fountain_box,
          hangedman_abyss_or_decor_slice
D:6:      layout_basic, serial_park_tiny_1, kennysheep_windowed_goal,
          uniq_sigmund
D:7:      layout_basic, enter_bailey_2, uniq_duvessa
D:8:      layout_basic, lemuel_round_altar, lair_entry_dummy,
          hellmonk_ghost_big_iron
Temple:   eino_wide_crystal_templ
Lair:1:   layout_gridlike, grunt_megastairs_4, uniq_jeremiah

Skill      XL: |  1  2  3  4  5  6  7  8  9 10 11 |
---------------+----------------------------------+-----
Ranged Weapons | 5 6 7 8 9 11 13 14 | 14.0
Armour         | 1 2 3 4 |  4.2
Fighting       | 3 4 5 6 7 9 |  9.0
Dodging        | 2 3 4 |  4.1
Invocations    | 4 |  4.0
Stealth        | |  1.1

Action                     |  1- 3 |  4- 6 |  7- 9 | 10-12 || total
---------------------------+-------+-------+-------+-------++-------
   Fire: Shortbow          |    99 |   182 |    94 |       ||   375
         Orcbow            |       |       |   257 |   262 ||   519
 Invoke: Heroism           |       |       |     7 |    18 ||    25
    Use: Scroll            |     8 |     7 |     4 |     2 ||    21
         Potion            |     2 |     3 |     1 |       ||     6
 Armour: Leather armour    |     7 |       |       |       ||     7
         Ring mail         |    28 |    83 |   237 |   100 ||   448
  Dodge: Dodged            |    39 |    56 |   148 |    87 ||   330

Table legend:
 A = Non-vault XP
 B = Vault XP
 C = Vault XP percentage of total XP
 D = Non-vault monster count
 E = Vault monster count
 F = Vault count percentage of total count
                 A         B        C        D         E       F
            +---------+---------+-------+---------+---------+-------
      Total |    9778 |    2470 |  20.2 |     140 |      24 |  14.6
            +---------+---------+-------+---------+---------+-------
        D:1 |      24 |       0 |   0.0 |      15 |       0 |   0.0
        D:2 |      38 |       0 |   0.0 |      15 |       0 |   0.0
        D:3 |      62 |      36 |  36.7 |      13 |      13 |  50.0
        D:4 |     283 |      36 |  11.3 |      14 |       1 |   6.7
        D:5 |     809 |       0 |   0.0 |      14 |       0 |   0.0
        D:6 |     801 |     378 |  32.1 |      21 |       2 |   8.7
        D:7 |     834 |     220 |  20.9 |      18 |       2 |  10.0
        D:8 |    2140 |       0 |   0.0 |      12 |       0 |   0.0
     Lair:1 |    4787 |    1800 |  27.3 |      18 |       6 |  25.0
            +---------+---------+-------+---------+---------+-------
